TOP OF THE 1ST |
Columbia Fireflies batting - Pitching for Springfield Cardinals : RHP Bryan Banana
|
Pitching: RHP Bryan Banana
|
|
Batting: RHB Billy Walker
|
0-0: Foul Ball, location: 2F 0-1: Ball 1-1: Ball 2-1: Swinging Strike 2-2: Strikes out looking
|
Batting: LHB Joey Biber
|
0-0: Ground out 4-3 (Groundball, 4M, EV 101.2 MPH)
|
Batting: RHB Jeff MacPhee
|
0-0: Ball 1-0: Called Strike 1-1: Ball 2-1: Foul Ball, location: 2F 2-2: Ball 3-2: Ground out 4-3 (Groundball, 4, EV 106.2 MPH)
|
Top of the 1st over - 0 runs, 0 hits, 0 errors, 0 left on base; Columbia 0 - Springfield 0 |
BOTTOM OF THE 1ST |
Springfield Cardinals batting - Pitching for Columbia Fireflies : RHP Casey Cuomo
|
Pitching: RHP Casey Cuomo
|
|
Batting: RHB Dave Cluster
|
0-0: Called Strike 0-1: Ball 1-1: SINGLE (Groundball, 6MD, EV 98.8 MPH)
|
Batting: RHB Klaas Meij
|
0-0: Ball Dave Cluster steals 2nd base 1-0: Called Strike 1-1: Swinging Strike 1-2: Fly out, F9 (Flyball, 9LM, EV 91.2 MPH)
|
Batting: RHB Melvin Enriquez
|
0-0: Ball 1-0: DOUBLE (Line Drive, 78M, EV 106.9 MPH) Dave Cluster scores
|
Batting: RHB David Fernandez
|
0-0: Ball 1-0: Ball 2-0: Foul Ball, location: 2F 2-1: Fly out, F3 (Popup, 34, EV 77.5 MPH)
|
Batting: LHB Shigeru Ono
|
0-0: Foul Ball, location: 2F 0-1: Called Strike 0-2: Ball 1-2: Ball 2-2: Ball 3-2: Strikes out swinging
|
Bottom of the 1st over - 1 run, 2 hits, 0 errors, 1 left on base; Columbia 0 - Springfield 1 |
TOP OF THE 2ND |
Columbia Fireflies batting - Pitching for Springfield Cardinals : RHP Bryan Banana
|
Batting: LHB Marc Durgin
|
0-0: Foul Ball, location: 2F 0-1: Called Strike 0-2: Foul Ball, location: 2F 0-2: Strikes out looking
|
Batting: RHB Mike Phillips
|
0-0: Ball 1-0: Called Strike 1-1: Called Strike 1-2: Foul Ball, location: 2F 1-2: Foul Ball, location: 2F 1-2: Ball 2-2: Ball 3-2: SINGLE (Groundball, 25, EV 75.6 MPH) (infield hit)
|
Batting: LHB Pete DeHart
|
0-0: Ball 1-0: Ball 2-0: Fly out, F6 (Popup, 4MD, EV 47.5 MPH)
|
Batting: RHB Yoshiro Higuchi
|
0-0: Ball 1-0: Called Strike 1-1: Ball 2-1: Fielders Choice at 2nd, 5-4 (Groundball, 56, EV 101.2 MPH)
|
Top of the 2nd over - 0 runs, 1 hit, 0 errors, 1 left on base; Columbia 0 - Springfield 1 |
BOTTOM OF THE 2ND |
Springfield Cardinals batting - Pitching for Columbia Fireflies : RHP Casey Cuomo
|
Batting: RHB Josh Lyon
|
0-0: Called Strike 0-1: Swinging Strike 0-2: Ball 1-2: Ball 2-2: Strikes out looking
|
Batting: RHB Jason Keller
|
0-0: Called Strike 0-1: Ball 1-1: Ball 2-1: Swinging Strike 2-2: Foul Ball, location: 2F 2-2: Foul Ball, location: 2F 2-2: Strikes out swinging
|
Batting: LHB Chris Raymond
|
0-0: Hit by Pitch
|
Batting: LHB Yeong-hun Joe
|
0-0: Called Strike 0-1: Ground out 1-3 (Groundball, 13S, EV 69.4 MPH)
|
Bottom of the 2nd over - 0 runs, 0 hits, 0 errors, 1 left on base; Columbia 0 - Springfield 1 |
TOP OF THE 3RD |
Columbia Fireflies batting - Pitching for Springfield Cardinals : RHP Bryan Banana
|
Batting: RHB Jonathan Jelich
|
0-0: Swinging Strike 0-1: Foul Ball, location: 2F 0-2: Foul Ball, location: 2F 0-2: Ball 1-2: Strikes out looking
|
Batting: RHB Ricky Trejo
|
0-0: Ball 1-0: SINGLE (Groundball, 6MS, EV 67.5 MPH) (infield hit)
|
Batting: RHB Billy Walker
|
0-0: Ball 1-0: Ball Ricky Trejo is caught stealing 2nd base 2-4 2-0: SINGLE (Line Drive, 8LS, EV 93.1 MPH)
|
Batting: LHB Joey Biber
|
0-0: Called Strike Billy Walker steals 2nd base 0-1: Ball 1-1: Swinging Strike 1-2: Strikes out swinging
|
Top of the 3rd over - 0 runs, 2 hits, 0 errors, 1 left on base; Columbia 0 - Springfield 1 |
BOTTOM OF THE 3RD |
Springfield Cardinals batting - Pitching for Columbia Fireflies : RHP Casey Cuomo
|
Batting: RHB Dave Cluster
|
0-0: Ball 1-0: Ball 2-0: Called Strike 2-1: Foul Ball, location: 2F 2-2: Hit by Pitch
|
Batting: RHB Klaas Meij
|
0-0: Foul Ball, location: 2F 0-1: Swinging Strike 0-2: Fly out, F4 (Popup, 4, EV 80.0 MPH)
|
Batting: RHB Melvin Enriquez
|
0-0: Called Strike 0-1: Ball 1-1: Ball 2-1: Fielders Choice at 2nd, 6-4 (Groundball, 6, EV 100.0 MPH)
|
Batting: RHB David Fernandez
|
0-0: Ball Melvin Enriquez is caught stealing 2nd base 2-4
|
Bottom of the 3rd over - 0 runs, 0 hits, 0 errors, 0 left on base; Columbia 0 - Springfield 1 |
TOP OF THE 4TH |
Columbia Fireflies batting - Pitching for Springfield Cardinals : RHP Bryan Banana
|
Batting: RHB Jeff MacPhee
|
0-0: Ball 1-0: Foul Ball, location: 2F 1-1: Swinging Strike 1-2: Foul Ball, location: 2F 1-2: Ball 2-2: Ground out 5-3 (Groundball, 56, EV 90.0 MPH)
|
Batting: LHB Marc Durgin
|
0-0: Ball 1-0: DOUBLE (Line Drive, 89XD, EV 105.0 MPH)
|
Batting: RHB Mike Phillips
|
0-0: Called Strike 0-1: Ball 1-1: Swinging Strike 1-2: Ball 2-2: Ball 3-2: Foul Ball, location: 2F 3-2: Strikes out looking
|
Batting: LHB Pete DeHart
|
0-0: Ground out U3 (Groundball, 3, EV 86.9 MPH)
|
Top of the 4th over - 0 runs, 1 hit, 0 errors, 1 left on base; Columbia 0 - Springfield 1 |
BOTTOM OF THE 4TH |
Springfield Cardinals batting - Pitching for Columbia Fireflies : RHP Casey Cuomo
|
Batting: RHB David Fernandez
|
0-0: Swinging Strike 0-1: Swinging Strike 0-2: Ball 1-2: Ball 2-2: Ball 3-2: Strikes out looking
|
Batting: LHB Shigeru Ono
|
0-0: Called Strike 0-1: Ball 1-1: Ground out U3 (Groundball, 3S, EV 85.6 MPH)
|
Batting: RHB Josh Lyon
|
0-0: Called Strike 0-1: Ball 1-1: Foul Ball, location: 2F 1-2: Foul Ball, location: 2F 1-2: Strikes out swinging
|
Bottom of the 4th over - 0 runs, 0 hits, 0 errors, 0 left on base; Columbia 0 - Springfield 1 |
TOP OF THE 5TH |
Columbia Fireflies batting - Pitching for Springfield Cardinals : RHP Bryan Banana
|
Batting: RHB Yoshiro Higuchi
|
0-0: Called Strike 0-1: Ball 1-1: Ball 2-1: Ball 3-1: Called Strike 3-2: Fly out, F8 (Flyball, 8RD, EV 85.6 MPH)
|
Batting: RHB Jonathan Jelich
|
0-0: Ball 1-0: Swinging Strike 1-1: Foul Ball, location: 2F 1-2: Foul Ball, location: 2F 1-2: Ball 2-2: Foul Ball, location: 2F 2-2: Foul Ball, location: 2F 2-2: Ball 3-2: Strikes out swinging
|
Batting: RHB Ricky Trejo
|
0-0: Foul Ball, location: 2F 0-1: Ball 1-1: Foul Ball, location: 2F 1-2: Ball 2-2: Foul Ball, location: 2F 2-2: Strikes out swinging
|
Top of the 5th over - 0 runs, 0 hits, 0 errors, 0 left on base; Columbia 0 - Springfield 1 |
BOTTOM OF THE 5TH |
Springfield Cardinals batting - Pitching for Columbia Fireflies : RHP Casey Cuomo
|
Batting: RHB Jason Keller
|
0-0: Swinging Strike 0-1: Ground out 5-3 (Groundball, 15, EV 82.5 MPH)
|
Batting: LHB Chris Raymond
|
0-0: Fly out, F9 (Flyball, 9, EV 86.2 MPH)
|
Batting: LHB Yeong-hun Joe
|
0-0: Ball 1-0: Ball 2-0: Ground out 4-3 (Groundball, 34, EV 81.2 MPH)
|
Bottom of the 5th over - 0 runs, 0 hits, 0 errors, 0 left on base; Columbia 0 - Springfield 1 |
TOP OF THE 6TH |
Columbia Fireflies batting - Pitching for Springfield Cardinals : RHP Bryan Banana
|
Batting: RHB Billy Walker
|
0-0: Called Strike 0-1: Called Strike 0-2: Ball 1-2: Fly out, F8 (Flyball, 8RM, EV 81.2 MPH)
|
Batting: LHB Joey Biber
|
0-0: Ball 1-0: Ball 2-0: Called Strike 2-1: Foul Ball, location: 2F 2-2: Ball 3-2: Foul Ball, location: 2F 3-2: Ground out 4-3 (Groundball, 4, EV 85.0 MPH)
|
Batting: RHB Jeff MacPhee
|
0-0: Ball 1-0: Fly out, F8 (Flyball, 8LD, EV 88.8 MPH)
|
Top of the 6th over - 0 runs, 0 hits, 0 errors, 0 left on base; Columbia 0 - Springfield 1 |
BOTTOM OF THE 6TH |
Springfield Cardinals batting - Pitching for Columbia Fireflies : RHP Casey Cuomo
|
Pitching: RHP Ryan Wilson
|
|
Batting: RHB Dave Cluster
|
0-0: Ball 1-0: Ground out 5-3 (Groundball, 56, EV 90.0 MPH)
|
Batting: RHB Klaas Meij
|
0-0: Ball 1-0: Fly out, F9 (Flyball, 89M, EV 78.1 MPH)
|
Batting: RHB Melvin Enriquez
|
0-0: Ground out U3 (Groundball, 34, EV 90.6 MPH)
|
Bottom of the 6th over - 0 runs, 0 hits, 0 errors, 0 left on base; Columbia 0 - Springfield 1 |
TOP OF THE 7TH |
Columbia Fireflies batting - Pitching for Springfield Cardinals : RHP Bryan Banana
|
Pitching: RHP John Larimore
|
|
Batting: LHB Marc Durgin
|
0-0: Ball 1-0: Ball 2-0: Ball 3-0: Called Strike 3-1: SINGLE (Line Drive, 6M, EV 97.5 MPH)
|
Batting: RHB Mike Phillips
|
0-0: Called Strike 0-1: Called Strike 0-2: Foul Ball, location: 2F 0-2: Ball 1-2: Foul Ball, location: 2F 1-2: Strikes out swinging
|
Batting: LHB Pete DeHart
|
0-0: Called Strike 0-1: Called Strike 0-2: Grounds into double play, 6-4-3 (Groundball, 6M, EV 86.2 MPH)
|
Top of the 7th over - 0 runs, 1 hit, 0 errors, 0 left on base; Columbia 0 - Springfield 1 |
BOTTOM OF THE 7TH |
Springfield Cardinals batting - Pitching for Columbia Fireflies : RHP Ryan Wilson
|
Batting: RHB David Fernandez
|
0-0: Ball 1-0: Ball 2-0: Ball 3-0: Called Strike 3-1: Base on Balls
|
Batting: LHB Shigeru Ono
|
0-0: Ball 1-0: Called Strike 1-1: Foul Ball, location: 2F 1-2: Ball 2-2: Grounds into double play, 4-6-3 (Groundball, 4, EV 86.2 MPH)
|
Batting: RHB Josh Lyon
|
0-0: Called Strike 0-1: Fly out, F7 (Flyball, 78D, EV 86.9 MPH)
|
Bottom of the 7th over - 0 runs, 0 hits, 0 errors, 0 left on base; Columbia 0 - Springfield 1 |
TOP OF THE 8TH |
Columbia Fireflies batting - Pitching for Springfield Cardinals : RHP John Larimore
|
Now at 1B: Javier Ochoa
|
|
Batting: RHB Yoshiro Higuchi
|
0-0: Ball 1-0: SINGLE (Groundball, 4M, EV 105.6 MPH) (infield hit)
|
Batting: RHB Jonathan Jelich
|
0-0: Ball 1-0: Sac Bunt to 23 - play at first, batter OUT! 3-4 Yoshiro Higuchi to second
|
Pinch Hitting: LHB Roy Blonski
|
0-0: Called Strike 0-1: Foul Ball, location: 2F 0-2: Ball 1-2: Ball 2-2: Strikes out swinging
|
Batting: RHB Billy Walker
|
0-0: Ball 1-0: Ball 2-0: SINGLE (Line Drive, 78M, EV 110.6 MPH) Yoshiro Higuchi to third Runner from 3rd tries for Home, SAFE, throw by LF to home Billy Walker to second
|
Batting: LHB Joey Biber
|
0-0: Intentional Walk
|
Batting: RHB Jeff MacPhee
|
0-0: Ball 1-0: Called Strike 1-1: Called Strike 1-2: Ball 2-2: SINGLE (Groundball, 56D, EV 97.5 MPH) Billy Walker to third Joey Biber to second Throwing error, E7 Billy Walker scores Joey Biber to third Jeff MacPhee to second
|
Batting: LHB Marc Durgin
|
0-0: Intentional Walk
|
Batting: RHB Mike Phillips
|
0-0: Ball 1-0: Ball 2-0: Ball 3-0: Called Strike 3-1: Ground out 4-3 (Groundball, 34, EV 102.5 MPH)
|
Top of the 8th over - 2 runs, 3 hits, 1 error, 3 left on base; Columbia 2 - Springfield 1 |
BOTTOM OF THE 8TH |
Springfield Cardinals batting - Pitching for Columbia Fireflies : RHP Ryan Wilson
|
Now at 3B: Bobby Campbell
|
|
Batting: RHB Jason Keller
|
0-0: Foul Ball, location: 2F 0-1: Called Strike 0-2: Ball 1-2: Ball 2-2: Ball 3-2: Foul Ball, location: 2F 3-2: Reached on error, E4 (Line Drive, 4, EV 65.6 MPH)
|
Batting: LHB Chris Raymond
|
0-0: Called Strike 0-1: Ball 1-1: Bunt missed! 1-2: DOUBLE (Line Drive, 7LM, EV 105.6 MPH) Jason Keller to third
|
Batting: LHB Yeong-hun Joe
|
0-0: Ball 1-0: Ball 2-0: Ball 3-0: Base on Balls
|
Pitching: RHP Battista Aldobrandini
|
|
Batting: RHB Dave Cluster
|
0-0: Fly out, F8 (Flyball, 89D, EV 101.2 MPH) Runner from 3rd tags up, SCORES, throw by CF Chris Raymond to third
|
Batting: RHB Klaas Meij
|
0-0: Called Strike Yeong-hun Joe steals 2nd, throwing error, E2 Chris Raymond scores Yeong-hun Joe to third 0-1: Swinging Strike 0-2: Ball 1-2: Ground out 4-3 (Groundball, 4, EV 85.0 MPH)
|
Batting: RHB Melvin Enriquez
|
0-0: Ground out 1-3 (Groundball, 13S, EV 65.6 MPH)
|
Bottom of the 8th over - 2 runs, 1 hit, 2 errors, 1 left on base; Columbia 2 - Springfield 3 |
TOP OF THE 9TH |
Columbia Fireflies batting - Pitching for Springfield Cardinals : RHP John Larimore
|
Pitching: LHP Drew Roemer
|
|
Batting: RHB Shawn Mathews
|
0-0: Foul Ball, location: 2F 0-1: Foul Ball, location: 2F 0-2: Ball 1-2: Strikes out swinging, 2-3 out at first.
|
Batting: RHB Yoshiro Higuchi
|
0-0: Swinging Strike 0-1: Swinging Strike 0-2: Ball 1-2: Ball 2-2: Strikes out looking
|
Batting: RHB Jonathan Jelich
|
0-0: Ground out 6-3 (Groundball, 6, EV 85.6 MPH)
|
Top of the 9th over - 0 runs, 0 hits, 0 errors, 0 left on base; Columbia 2 - Springfield 3 |
|